 Dungeon Crawl Stone Soup version 0.15-a0-1632-gd490d05 (webtiles) character file.

156 Crauler the Insei (level 5, -12/33 HPs)
             Began as an Octopode Transmuter on June 21, 2014.
             Mangled by an ogre
             ... wielding a +0 giant club
              (31 damage)
             ... on Level 4 of the Dungeon.
             The game lasted 00:10:54 (4492 turns).

Crauler the Insei (Octopode Transmuter)             Turns: 4492, Time: 00:10:55

HP -12/33        AC  2     Str 10      XL: 5   Next: 38%
MP  16/18        EV 20     Int 16      God:
Gold 183         SH  0     Dex 15 (17) Spells:  2 memorised,  5 levels left

rFire  . . .     SeeInvis .       - Unarmed
rCold  . . .     Clarity  .     (shield currently unavailable)
rNeg   . . .     rCorr    .     (helmet currently unavailable)
rPois  x         rRot     .     (no amulet)
rElec  .         Spirit   .     m - ring of magical power
SustAb .         Warding  .     (no ring)
rMut   .         Stasis   .     (no ring)
Gourm  .                        (no ring)
MR     .....                    (no ring)
                                (no ring)
                                (no ring)
                                (no ring)

@: spider-form, not resistant to hostile enchantments, unstealthy
A: almost no armour, amphibious, 8 rings, (constrict 8), (camouflage 0),
deterioration 1, (gelatinous body 0)
a: End Transformation


You were on level 4 of the Dungeon.
You were not hungry.
You were in spider-form.
You visited 1 branch of the dungeon, and saw 4 of its levels.

You collected 183 gold pieces.

Inventory:

Missiles
 g - 8 needles of confusion
 p - 9 poisoned needles
Comestibles
 a - 2 bread rations
 f - 5 fruits
 r - a rotting chunk of giant gecko flesh
 t - a slice of pizza
 u - a rotting chunk of rat flesh
Scrolls
 b - 4 scrolls of identify {unknown}
 c - 2 scrolls of amnesia {unknown}
 e - 2 scrolls of random uselessness {unknown}
 h - 3 scrolls of noise {unknown}
 j - a scroll of fog {unknown}
 l - 3 scrolls of teleportation {unknown}
 n - a scroll of enchant armour {unknown}
 o - a scroll of remove curse {unknown}
 q - a scroll of recharging {unknown}
 s - 2 scrolls of enchant weapon {unknown}
Jewellery
 m - a ring of magical power (left front leg)
Potions
 i - 2 potions of curing
 k - a potion of flight {unknown}
Books
 d - a book of Changes

   Spells                             Type                      Level
   *Beastly Appendage                 Transmutation                1
   Sticks to Snakes                   Transmutation                2
   *Spider Form                       Transmutation/Poison         3
   Ice Form                           Ice/Transmutation            4
   Blade Hands                        Transmutation                5


   Skills:
 + Level 1.6 Fighting
 * Level 3.2 Dodging
 + Level 1.5 Stealth
 * Level 3.7 Unarmed Combat
 + Level 2.5 Spellcasting
 * Level 3.1 Transmutations


You had 5 spell levels left.
You knew the following spells:

 Your Spells              Type           Power        Failure   Level  Hunger
a - Beastly Appendage     Trmt           ##....       21%         1    #......
b - Spider Form           Trmt/Pois      #.........   56%         3    ###....


Dungeon Overview and Level Annotations

Branches:
Dungeon (4/15)
 Temple: D:4-7

Altars:
Trog

Annotations:
D:4 soonmide's ghost, experienced VSEn


Innate Abilities, Weirdness & Mutations

You cannot wear most types of armour.
You are amphibious.
You can wear up to eight rings at the same time.*
((You can use your tentacles to constrict many enemies at once.))*
((Your skin changes colour to match your surroundings (Stealth).))*
((Your rubbery body absorbs attacks (AC +1).))*
Your body is slowly deteriorating.


Message History

You start memorising the spell.
You continue memorising.
You continue memorising. x2
You finish memorising.
Casting: Beastly Appendage
Confirm with . or Enter, or press ? or * to list all spells.
You turn into a venomous arachnid creature.
You climb downwards.
Level annotation: soonmide's ghost, experienced VSEn The ogre barely misses you.
There is a stone staircase leading up here.
You hit the ogre.
The ogre is lightly wounded.
The ogre hits you with a giant club!
You bite the ogre!
The ogre is heavily wounded.
You bite the ogre!
The ogre is poisoned.
The ogre is severely wounded.
The ogre hits you with a giant club!!
Ouch! That really hurt!
You die...

...........########'#####^#
#.....!........##.#######
#........######.##.....#
###.#####.....#.######## ..
#........# ... #.....#### .
+........# ###.....##.#
#.......s#.# #.......O#.#
#........#.# #..#.#####..
#.##.# ## . .. ###


You could see an ogre.

Vanquished Creatures
  4 adders (D:2)
  An inept feature mimic (D:2)
  An inept item mimic (D:3)
  2 giant mites
  A worm (D:2)
  3 giant geckos
  3 oozes
  An orc (D:4)
  4 bats
  3 giant cockroaches
  15 hobgoblins
  5 jackals
  6 giant newts
  9 goblins
  7 kobolds
  A quokka (D:3)
  10 rats
76 creatures vanquished.

Notes
Turn   | Place    | Note
--------------------------------------------------------------
     0 | D:1      | Crauler, the Octopode Transmuter, began the quest for the Orb.
     0 | D:1      | Reached XP level 1. HP: 13/13 MP: 3/3
   295 | D:1      | Reached XP level 2. HP: 15/18 MP: 4/4
   542 | D:1      | Reached XP level 3. HP: 17/23 MP: 6/6
  1815 | D:2      | Reached skill level 1 in Stealth
  1863 | D:2      | Reached XP level 4. HP: 26/28 MP: 8/8
  2072 | D:2      | Gained mutation: Your body is slowly deteriorating. [potion of mutation]
  2830 | D:2      | Reached XP level 5. HP: 21/33 MP: 9/9
  3705 | D:3      | Found a bloodstained altar of Trog.
  4079 | D:4      | Found a bloodstained altar of Trog.
  4167 | D:4      | Noticed soonmide's ghost (experienced VSEn)
  4469 | D:4      | Noticed an ogre
  4487 | D:3      | Learned a level 3 spell: Spider Form
  4492 | D:4      | Mangled by an ogre

Action                   |  1- 3 |  4- 6 || total
-------------------------+-------+-------++-------
Melee: Unarmed           |   110 |   111 ||   221
 Cast: Beastly Appendage |     1 |     6 ||     7
       Spider Form       |       |     1 ||     1
  Use: Potion            |       |     4 ||     4
 Stab: Sleeping          |     1 |     6 ||     7
